 Dungeon Crawl Stone Soup version 0.31-a0-845-g9abc20d24f (webtiles) character file.

Game seed: 6199597868188236378

298 pokeman the Magician (level 6, -5/34 HPs)
             Began as a Deep Elf Hedge Wizard on Oct 2, 2023.
             Killed by nerve-wracking pain
             ... invoked by an orc priest
              (13 damage)
             ... on level 4 of the Dungeon.
             The game lasted 00:06:29 (3744 turns).

pokeman the Magician (Deep Elf Hedge Wizard)        Turns: 3744, Time: 00:06:29

Health: -5/34      AC:  9    Str: 10    XL:     6   Next: 13%
Magic:  4/17       EV: 12    Int: 21    God:
Gold:   88         SH:  0    Dex: 14    Spells: 10/18 levels left

rFire   . . .        w - +3 quarterstaff (chaos)
rCold   . . .        (shield currently unavailable)
rNeg    . . .        o - +1 leather armour of Reruhaob {Str+3}
rPois   +            c - +0 hat
rElec   .            n - +0 cloak
rCorr   .            (no gloves)
SInv    .            (no boots)
Will    .....        (no amulet)
Stlth   ++           k - ring of poison resistance
HPRegen 0.25/turn    b - +4 ring of protection
MPRegen 0.15/turn

%: no passive effects
@: on blink cooldown
A: no striking features
a: no special abilities


You were on level 4 of the Dungeon.
You visited 1 branch of the dungeon, and saw 4 of its levels.

You collected 88 gold pieces.

Inventory:

Hand Weapons
 g - a +0 dagger of draining
 w - a +3 quarterstaff of chaos (weapon)
Armour
 c - a +0 hat (worn)
 n - a +0 cloak (worn)
 o - the +1 leather armour of Reruhaob (worn) {Str+3}
   (You found it on level 2 of the Dungeon)

   Str+3:     It affects your strength (+3).
Magical Staves
 u - a staff of conjuration
Jewellery
 b - a +4 ring of protection (right hand)
 k - a ring of poison resistance (left hand)
Wands
 l - a wand of paralysis (10)
 v - a wand of flame (11)
Scrolls
 f - 2 scrolls of identify {unknown}
 h - a scroll of revelation {unknown}
 t - a scroll of blinking {unknown}
Potions
 a - 2 potions of attraction {unknown}
 d - a potion of magic
 e - a potion of heal wounds {unknown}
 i - a potion of resistance {unknown}
 j - 2 potions of degeneration {unknown}
 m - 2 potions of ambrosia {unknown}
 p - a potion of berserk rage {unknown}
 q - 2 potions of haste {unknown}
 r - 2 potions of brilliance {unknown}
 s - a potion of curing {unknown}


   Skills:
 + Level 1.0 Fighting
 - Level 1.0 Armour
 - Level 3.1 Dodging
 - Level 3.0 Stealth
 * Level 6.7 Spellcasting
 + Level 3.0 Conjurations
 - Level 1.1 Summonings
 - Level 1.1 Translocations
 - Level 1.1 Air Magic
 - Level 1.2 Poison Magic
 - Level 1.1 Evocations


You had 10 spell levels left.
You knew the following spells:

 Your Spells              Type           Power      Damage    Failure   Level
a - Magic Dart            Conj           76%        1d6       3%          1
b - Mephitic Cloud        Conj/Pois/Air  14%        N/A       19%         3
c - Call Imp              Summ           22%        N/A       12%         2
d - Blink                 Tloc           22%        N/A       12%         2

Your spell library contained the following spells:

 Spells                   Type           Power      Damage    Failure   Level
 Slow                     Hex            28%        N/A       12%         1
 Cigotuvi's Dreadful Rot  Necr/Pois/Air  20%        N/A       14%         2
 Summon Guardian Golem    Hex/Summ       9%         N/A       30%         3
 Orb of Destruction       Conj           9%         9d6       100%        7
 Spellforged Servitor     Conj/Summ      7%         N/A       100%        7


Dungeon Overview and Level Annotations

Branches:
Dungeon (4/15)
 Temple: D:4-7

Altars:
Nemelex Xobeh

Shops:
D:2 (=:[(   D:3 [:[(!


Message History

The sky beast appears confused.
The sky beast flickers out of sight!
Deactivating autopickup; reactivate with Ctrl-A.
An endoplasm and an orc come into view.
Something hits you. Something shocks you.
Items here: ) [ ††.
You hit something.
Reactivating autopickup.
You feel a bit more experienced.
An orc comes into view. It is wielding a +0 club.
The endoplasm hits you but does no damage.
Your Conjurations skill increases to level 3!
Your Air Magic skill increases to level 1!
Your Poison Magic skill increases to level 1!
Your Evocations skill increases to level 1!
You have reached level 6!
Unknown command.
Unknown command.
You barely miss the endoplasm. The endoplasm freezes you.
You are frozen.
* * * LOW HITPOINT WARNING * * *
The endoplasm attacks as it pursues you!
The endoplasm closely misses you.
Casting: Mephitic Cloud (quite dangerous; 19% risk of failure)
Confirm with . or Enter, or press ? or * to list all spells.
You blink.
The endoplasm misses you. The orc misses you.
The endoplasm attacks as it pursues you!
The endoplasm hits you but does no damage.
The orc closely misses you.
You sock the orc!
You kill the orc!
The endoplasm freezes you.
You are frozen.
* * * LOW HITPOINT WARNING * * *
You hit the endoplasm.
You kill the endoplasm!
An orc priest comes into view. It is wielding a +0 club.
The orc priest mumbles some strange prayers to Beogh against you.
Pain shoots through your body!
You die...

######## #
.#......########
#..#.###.....§.)†#
#..#.# #..######o#
#..#)# #..# #@#
...#.# #..# #.#
#.##.###..# .†.
.......#..# ....o
#.##.#.#..#
.:.....
.....#.#...
##....... #....#.#
#........ .....#.#
#.......##
##.#.#.#


You could see an orc priest and an orc.

Vanquished Creatures
  A sky beast (D:4)
  Crazy Yiuf (D:3)
  An iguana (D:4)
  Jessica (D:3)
  An orc wizard (D:4)
  2 adders
  2 worms (D:2)
  3 dart slugs
  An orc (D:4)
  6 endoplasms
  7 goblins
  3 hobgoblins
  7 jackals
  3 kobolds (D:1)
  3 quokkas (D:1)
  9 ball pythons
  5 bats
  6 frilled lizards
  6 rats
68 creatures vanquished.

Notes
Turn   | Place    | Note
-------+----------+-------------------------------------------
     0 | D:1      | pokeman the Deep Elf Hedge Wizard began the quest for the
                  | Orb.
     0 | D:1      | Reached XP level 1. HP: 10/10 MP: 7/7
   406 | D:1      | Reached XP level 2. HP: 14/14 MP: 4/9
  1343 | D:2      | Found a sparkling altar of Nemelex Xobeh.
  1356 | D:2      | Reached skill level 5 in Spellcasting
  1537 | D:2      | Found Wyufoimp's Antique Armour Shoppe.
  1554 | D:2      | Found Edoigiss's Weapon Boutique.
  1556 | D:2      | Reached XP level 3. HP: 20/20 MP: 9/11
  1560 | D:2      | Learned a level 3 spell: Mephitic Cloud
  1563 | D:2      | Learned a level 2 spell: Call Imp
  1566 | D:2      | Learned a level 2 spell: Blink
  1649 | D:2      | Found Fonluu Ceing's Jewellery Shop.
  1840 | D:2      | Found Nuesuew's Book Boutique.
  1921 | D:2      | Reached skill level 1 in Armour
  2019 | D:2      | Found Lakaq's Antique Weapon Boutique.
  2019 | D:2      | Identified the +1 leather armour of Reruhaob {Str+3}
  2136 | D:2      | Found a faded altar of an unknown god.
  2669 | D:3      | Found a runed translucent door.
  2670 | D:3      | Noticed Crazy Yiuf
  2707 | D:3      | Reached skill level 1 in Fighting
  2802 | D:3      | Reached XP level 4. HP: 25/25 MP: 3/13
  2940 | D:3      | Noticed Jessica
  2966 | D:3      | Killed Jessica
  3085 | D:3      | Found Tuulypt's Armour Emporium.
  3185 | D:3      | Found Kalywuko's Book Boutique.
  3210 | D:3      | Found Hoamoen's Antique Armour Shop.
  3360 | D:3      | Found Ranourep's Weapon Shoppe.
  3499 | D:3      | Found Raubban's Distillery.
  3568 | D:3      | Killed Crazy Yiuf
  3569 | D:3      | Reached skill level 6 in Spellcasting
  3569 | D:3      | Reached XP level 5. HP: 17/29 MP: 10/15
  3705 | D:4      | Noticed a sky beast
  3736 | D:4      | Killed a sky beast
  3737 | D:4      | Reached skill level 1 in Air Magic
  3737 | D:4      | Reached skill level 1 in Poison Magic
  3737 | D:4      | Reached skill level 1 in Evocations
  3737 | D:4      | Reached XP level 6. HP: 12/34 MP: 5/17
  3744 | D:4      | Killed from afar by an orc priest

Illustrated notes

Levels and vault maps discovered:
D:1:      dpeg_arrival_water_fire, layout_basic, palyth_stone_intersect
D:2:      layout_basic, basic_altar, ebering_ecumenical_altar_box, serial_shops,
          shop, shop_statue, shop, shop, nicolae_shop_hallway_stairs
D:3:      layout_loops_ring, serial_shops, shop, nicolae_shop_getting_attention,
          shop, nicolae_shop_crystal, nicolae_shop_tiny_statue_garden,
          uniq_jessica, uniq_crazy_yiuf_cottage
D:4:      layout_basic, nicolae_dithmenos_through_a_glass_darkly, serial_shops,
          shop, shop, nicolae_stop_n_shop_1, nicolae_take_the_stairs,
          nicolae_shop_just_a_little_nook

Skill      XL: |  1  2  3  4  5 |
---------------+----------------+-----
Spellcasting   | 5 6 |  6.7
Armour         | 1 |  1.0
Conjurations   | 2 3 |  3.0
Fighting       | 1 |  1.0
Dodging        | 3 |  3.1
Stealth        | 3 |  3.0
Air Magic      | 1 |  1.1
Poison Magic   | 1 |  1.2
Evocations     | 1 |  1.1
Summonings     | |  1.1
Translocations | |  1.1

Action                     |  1- 3 |  4- 6 || total
---------------------------+-------+-------++-------
  Melee: Dagger            |    12 |    20 ||    32
         Quarterstaff      |       |    19 ||    19
   Cast: Magic Dart        |   121 |    33 ||   154
         Mephitic Cloud    |     2 |     5 ||     7
         Call Imp          |       |     1 ||     1
         Blink             |       |     1 ||     1
   Stab: Confused          |       |     1 ||     1
 Armour: Robe              |    12 |       ||    12
         Leather armour    |     4 |    24 ||    28
  Dodge: Dodged            |    21 |    22 ||    43

Table legend: (Time is in decaauts)
 A = Elapsed time spent in this place.
 B = Non-inter-level travel time spent in this place.
 C = Inter-level travel time spent in this place.
 D = Time resting spent in this place.
 E = Time spent auto-exploring this place.
 F = Levels seen in this place.
 G = Mean time per level.
                   A        B        C        D        E       F      G
               +--------+--------+--------+--------+--------+-----+--------+
         Total |   3751 |   3664 |     87 |      0 |   3248 |   4 |  937.8 |
       Dungeon |   3751 |   3664 |     87 |      0 |   3248 |   4 |  937.8 |
               +--------+--------+--------+--------+--------+-----+--------+

Top non-repeatable levels by time:
     D:1: 1346 daAuts
     D:3: 1174 daAuts
     D:2: 1130 daAuts
     D:4: 99 daAuts
